 Dungeon Crawl Stone Soup version 0.22-a0-117-g314b907 (webtiles) character file.

158 sankara the Sneak (level 5, 0/39 HPs)
             Began as a Vampire Berserker on Jan 29, 2018.
             Was a Believer of Trog.
             Slain by a rat (2 damage)
             ... on level 3 of the Dungeon.
             The game lasted 00:09:14 (2808 turns).

sankara the Sneak (Vampire Berserker)               Turns: 2808, Time: 00:09:15

Health: 0/39       AC:  2    Str: 13 (16) XL:     5   Next: 16%
Magic:  5/5        EV: 12    Int:  6 (9)  God:    Trog [**....]
Gold:   119        SH:  0    Dex: 13 (15) Spells: 4/4 levels left

rFire    + . .     SeeInvis +   m - -3 dagger (curse)
rCold    + + .     Gourm    .   (no shield)
rNeg     + + .     Faith    .   n - +0 robe {MR+}
rPois    +         Spirit   .   (no helmet)
rElec    +         Reflect  .   (no cloak)
rCorr    +         Harm     .   (no gloves)
MR       +....                  (no boots)
Stlth    ++++......             i - amulet of inaccuracy (curse)
HPRegen  0.06/turn              (no ring)
MPRegen  0.09/turn              (no ring)

@: resistant, berserk cooldown, regenerating slowly, hasted and slowed
A: fangs 3, see invisible, unbreathing
a: Bat Form, Berserk, Trog's Hand, Burn Spellbooks, Renounce Religion


You were on level 3 of the Dungeon.
You worshipped Trog.
Trog was pleased with you.
You were very thirsty.

You visited 1 branch of the dungeon, and saw 3 of its levels.

You collected 119 gold pieces.

Inventory:

Hand Weapons
 a - a +1 falchion
 f - a +0 hunting sling
 k - a +0 dagger
 m - a cursed -3 dagger (weapon)
Armour
 b - a +1 animal skin
 n - a +0 robe of magic resistance (worn)
Jewellery
 i - a cursed amulet of inaccuracy (around neck)
Scrolls
 j - a scroll of teleportation
Potions
 c - a potion of magic
 d - 10 potions of blood
 o - a potion of curing {unknown}


   Skills:
 - Level 2.6 Fighting
 - Level 3.0 Long Blades
 + Level 2.7 Throwing
 - Level 1.5 Armour
 - Level 2.1 Dodging
 + Level 5.4 Stealth


You had 4 spell levels left.
You didn't know any spells.

Dungeon Overview and Level Annotations

Branches:
Dungeon (3/15)

Altars:
Kikubaaqudgha


Innate Abilities, Weirdness & Mutations

You heal slowly.
You have razor-sharp teeth.
You have supernaturally acute eyesight. (SInv)
You can survive without breathing.


Message History

It was a potion of haste.
You feel yourself speed up. The orc misses you.
Okay, then.
A rat comes into view.
The rat moves out of view.
The rat bites you but does no damage.
You hit the rat but do no damage. The rat bites you.
* * * LOW HITPOINT WARNING * * *
The orc closely misses you.
You miss the rat. You bite the rat, but do no damage.
The rat bites you but does no damage.
You barely miss the rat. Your bite misses the rat.
The orc hits you with a flail.
* * * LOW HITPOINT WARNING * * *
The rat barely misses you.
It was a potion of berserk rage.
You feel slightly irritated. The orc closely misses you.
The rat bites you but does no damage.
It was a potion of resistance.
You feel protected. The orc misses you. The rat bites you.
You die...

#.# ####.# .# #...S# .
#.#### ##. ##.# #..
#oK# #.# #S## #.# ##o#
#.# #@.# #.#
######r##### ##.#
#.........<####..######
#......................
#.......(..####.#######
############ #.# #.#
..# .##


You could see an adder, 2 orcs, a kobold and a rat.

Vanquished Creatures
  2 orc priests
  2 adders
  A worm (D:1)
  3 dart slugs (D:1)
  4 leopard geckos
  5 orcs (D:3)
  A bat zombie (D:2)
  3 giant cockroaches
  7 hobgoblins
  3 jackals (D:2)
  8 kobolds
  A quokka (D:2)
  A ball python (D:1)
  4 bats (D:1)
  6 frilled lizards
  5 goblins
  6 rats
  A rat zombie (D:2)
63 creatures vanquished.

Notes
Turn   | Place    | Note
-------+----------+-------------------------------------------
     0 | D:1      | sankara the Vampire Berserker began the quest for the Orb.
     0 | D:1      | Reached XP level 1. HP: 17/17 MP: 1/1
   111 | D:1      | Reached skill level 1 in Stealth
   190 | D:1      | Reached XP level 2. HP: 23/23 MP: 2/2
   224 | D:1      | Reached skill level 2 in Stealth
   337 | D:1      | Reached skill level 1 in Throwing
   596 | D:1      | Reached skill level 3 in Stealth
   596 | D:1      | Reached XP level 3. HP: 10/28 MP: 3/3
  1066 | D:2      | Reached ** piety under Trog
  1909 | D:2      | You fall through a shaft!
  1914 | D:3      | Reached skill level 4 in Stealth
  1921 | D:3      | Reached XP level 4. HP: 34/34 MP: 4/4
  2129 | D:2      | Found an ancient bone altar of Kikubaaqudgha.
  2360 | D:2      | Reached skill level 5 in Stealth
  2492 | D:3      | Reached XP level 5. HP: 17/39 MP: 5/5
  2808 | D:3      | Slain by a rat

Vault maps used:
D:1:      dpeg_arrival_simpleton_b
D:2:      lemuel_zombie_altar_kikubaaqudgha
D:3:      chequers_ecumenical_altar_grove

Skill      XL: |  1  2  3  4 |
---------------+-------------+-----
Stealth        | 1 3 4 5 |  5.4
Throwing       | 1 2 |  2.7
Fighting       | |  2.6
Long Blades    | |  3.0
Armour         | |  1.5
Dodging        | |  2.1

Action                   |  1- 3 |  4- 6 || total
-------------------------+-------+-------++-------
Melee: Falchion          |   100 |    29 ||   129
       Bite              |    16 |     5 ||    21
       Dagger            |       |    60 ||    60
Invok: Berserk           |     2 |     3 ||     5
       Trog's Hand       |     1 |       ||     1
  Use: Scroll            |     4 |     1 ||     5
       Potion            |     3 |     9 ||    12
 Stab: Sleeping          |    10 |     2 ||    12
Armor: Animal skin       |    12 |     5 ||    17
       Robe              |       |    12 ||    12
Dodge: Dodged            |    69 |    67 ||   136
       Rpst.: Falchion   |    27 |     8 ||    35

Table legend:
 A = Spawn XP
 B = Non-spawn XP
 C = Spawn XP percentage of total XP
 D = Spawn monster count
 E = Non-spawn monster count
 F = Spawn count percentage of total count
 G = Total turns spent on level
                    A         B        C        D         E        F      G
               +---------+---------+-------+---------+---------+-------+---------
         Total |       0 |     226 |   0.0 |       0 |      63 |   0.0 |  2808
               +---------+---------+-------+---------+---------+-------+---------
           D:1 |       0 |      60 |   0.0 |       0 |      25 |   0.0 |  1049
           D:2 |       0 |      80 |   0.0 |       0 |      23 |   0.0 |  1249
           D:3 |       0 |      86 |   0.0 |       0 |      15 |   0.0 |   510
               +---------+---------+-------+---------+---------+-------+---------
